 Dungeon Crawl Stone Soup version 0.30.1-3-gfc49f6343a (webtiles) character file.

Game seed: 3850829465376977251

2841 shmup the Arsonist (level 9, -8/54 HPs)
             Began as a Tengu Fire Elementalist on July 21, 2023.
             Was an Initiate of Yredelemnul.
             Mangled by a hornet (15 damage)
             ... on level 7 of the Dungeon.
             The game lasted 00:23:45 (9274 turns).

shmup the Arsonist (Tengu Fire Elementalist)        Turns: 9274, Time: 00:23:46

Health: -8/54      AC:  4    Str:  8    XL:     9   Next: 74%
Magic:  5/13       EV: 17    Int: 21    God:    Yredelemnul [......]
Gold:   312        SH:  0    Dex: 14    Spells: 0/12 levels left

rFire   . . .        A - +3 dagger (venom)
rCold   . . .        (no shield)
rNeg    + . .        B - +2 robe {rN+}
rPois   .            (helmet restricted)
rElec   .            d - scarf {+Inv}
rCorr   .            (no gloves)
SInv    .            (boots unavailable)
Will    .....        (no amulet)
Stlth   ++           (no ring)
HPRegen 0.29/turn    (no ring)
MPRegen 0.13/turn

%: no passive effects
@: lethally poisoned (-8 -> -16), flying quickly and evasively, slowed, very
slow
A: beak, talons 3, nimble flight
a: Renounce Religion, Evoke Invisibility, Recall Undead Harvest


You were on level 7 of the Dungeon.
You worshipped Yredelemnul.
Yredelemnul was noncommittal.
You visited 1 branch of the dungeon, and saw 7 of its levels.

You collected 312 gold pieces.

Inventory:

Hand Weapons
 h - a +1 short sword of protection
 k - a +0 heavy falchion
 p - a +4 quarterstaff of chaos
 v - a +2 flail of holy wrath
 A - a +3 dagger of venom (weapon)
Missiles
 e - 10 poisoned darts (quivered)
 s - 11 stones
Armour
 a - a +0 robe
 d - a scarf of invisibility (worn)
 q - a +0 cloak
 B - a +2 robe of positive energy (worn)
Wands
 y - a wand of flame (21)
 H - a wand of acid (12)
Scrolls
 c - 2 scrolls of fog
 j - a scroll of silence {unknown}
 n - a scroll of enchant armour {unknown}
 r - a scroll of enchant weapon {unknown}
 w - a scroll of immolation {unknown}
 x - a scroll of magic mapping {unknown}
 C - a scroll of butterflies
 D - a scroll of fear {unknown}
 G - a scroll of brand weapon {unknown}
Potions
 b - a potion of magic
 f - 2 potions of degeneration
 g - 5 potions of curing
 i - a potion of invisibility
 l - a potion of brilliance
 m - 4 potions of mutation
 o - 2 potions of attraction {unknown}
 t - 3 potions of resistance
 u - 3 potions of cancellation {unknown}
 z - a potion of heal wounds {unknown}
 E - a potion of haste {unknown}
 F - a potion of berserk rage {unknown}


   Skills:
 + Level 5.4 Fighting
 + Level 6.4 Dodging
 - Level 2.0 Stealth
 - Level 2.0 Spellcasting
 + Level 10.2 Conjurations
 + Level 1.0 Hexes
 + Level 0.6 Summonings
 - Level 1.0 Translocations
 * Level 12.4 Fire Magic
 + Level 0.0 Air Magic
 + Level 0.0 Poison Magic


You couldn't memorise any spells.
You knew the following spells:

 Your Spells              Type           Power      Damage    Failure   Level
a - Foxfire               Conj/Fire      100%       2x1d9     1%          1
b - Scorch                Fire           100%       2d9       1%          2
c - Inner Flame           Hex/Fire       30%        N/A       2%          3
d - Volatile Blastmotes   Fire/Tloc      60%        2d15      2%          3
e - Mephitic Cloud        Conj/Pois/Air  16%        N/A       11%         3

Your spell library contained the following spells:

 Spells                   Type           Power      Damage    Failure   Level
 Magic Dart               Conj           100%       1d8       1%          1
 Flame Wave               Conj/Fire      49%        2d12      1%          4
 Ignite Poison            Fire/Tmut/Pois 19%        N/A       9%          3
 Slow                     Hex            24%        N/A       10%         1
 Beastly Appendage        Tmut           4%         N/A       14%         1
 Call Imp                 Summ           8%         N/A       17%         2
 Cigotuvi's Dreadful Rot  Necr/Pois/Air  4%         N/A       22%         2
 Poisonous Vapours        Pois/Air       4%         N/A       22%         2
 Sublimation of Blood     Necr           2%         N/A       22%         2
 Wereblood                Tmut           2%         N/A       22%         2
 Confusing Touch          Hex            6%         N/A       28%         3
 Spider Form              Tmut/Pois      2%         N/A       41%         3
 Vampiric Draining        Necr           2%         2d6       41%         3
 Freezing Cloud           Conj/Ice/Air   8%         6-21      69%         5
 Dispel Undead            Necr           2%         3d7       82%         4
 Summon Hydra             Summ           2%         N/A       100%        7
 Death Channel            Necr           Unusable   N/A       N/A         6

Dungeon Overview and Level Annotations

Branches:
Dungeon (7/15)             Temple (0/1) D:6

Altars:
Hepliaklqana
Makhleb
Okawaru
Sif Muna
Trog
Yredelemnul
The Shining One

Annotations:
D:3 2 runed translucent doors, Bronimir's ghost, amateur DjIE
D:6 3 runed translucent doors, ZoeForever1's ghost, novice DrTm


Innate Abilities, Weirdness & Mutations

You have a beak for a mouth.
You have claws for feet.
Your magical nature lets you fly swiftly and evasively.


Message History

Flames lash the hornet.
The hornet is lightly wounded.
The hornet's fire resistance burns away.
The hornet stings you!
You feel yourself slow down. The hornet closely misses you.
Unknown command.
Casting: Scorch (safe; 1% risk of failure)
Confirm with . or Enter, or press ? or * to list all spells.
Flames lash the hornet.
The hornet is burned terribly!
The hornet is lightly wounded.
The hornet closely misses you.
The hornet stings you but does no damage.
Unknown command.
Casting: Scorch (safe; 1% risk of failure)
Confirm with . or Enter, or press ? or * to list all spells.
Flames lash the hornet but do no damage.
The hornet stings you!
You feel as though you will be slow longer.
The hornet barely misses you.
Your orc zombie closely misses the hornet.
An orc comes into view. It is wielding a +0 club.
The hornet stings you!
* * * LOW HITPOINT WARNING * * *
You suddenly lose the ability to move!
The hornet stings you.
* * * LOW HITPOINT WARNING * * *
You are poisoned.
You feel as though you will be slow longer.
You can move again.
Casting: Scorch (safe; 1% risk of failure)
Confirm with . or Enter, or press ? or * to list all spells.
Flames lash the hornet.
The hornet is burned terribly!
The hornet is heavily wounded.
You feel very sick. The hornet stings you!
* * * LOW HITPOINT WARNING * * *
You feel as though you will be slow longer.
Your orc zombie hits the hornet.
The hornet stings you!
You die...
Your body rises from the dead as a mindless zombie.

.....!....#y...
.........#)#...
▒...▒
▒▒▒▒▒▒▒..o▒▒▒▒+▒▒
...........▒....▒
...........▒....▒
..........Z▒....▒
..........y▒....▒
...........Q.<..▒
...........▒....▒
▒▒▒▒▒▒▒▒▒▒▒▒▒▒▒▒▒


You could see a hornet (combustible, ally target), an orc and a friendly orc
zombie.

Vanquished Creatures
  Grinder (D:4)
  Prince Ribbit (D:5)
  Edmund (D:4)
  Menkaure (D:4)
  Duvessa (D:5)
  An ice beast (D:5)
  A phantom (D:5)
  2 bullfrogs (D:6)
  Blork the orc (D:4)
  A gnoll sergeant (D:6)
  3 necrophages (D:5)
  2 scorpions
  2 water moccasin zombies (D:5)
  Dowan (D:5)
  A wight (D:5)
  2 centaur zombies (D:5)
  5 hounds
  Crazy Yiuf (D:2)
  A human zombie (D:5)
  7 orc priests
  A jelly (D:5)
  3 sleepcaps
  An iguana (D:6)
  3 orc wizards
  Natasha (D:1)
  A hound zombie (D:5)
  2 mummies (D:5)
  Robin (D:2)
  3 gnolls (D:6)
  6 adders
  An orc zombie (D:6)
  2 dart slugs
  A worm (D:5)
  21 orcs
  5 ball pythons
  7 endoplasms
  5 giant cockroaches
  10 goblins
  9 hobgoblins
  4 kobolds
  2 quokkas
  8 bats
  6 frilled lizards
  6 rats
145 creatures vanquished.

Vanquished Creatures (others)
  3 gnoll zombies (D:6)
  An orc zombie (D:6)
  198 foxfires
202 creatures vanquished.

Grand Total: 347 creatures vanquished

Notes
Turn   | Place    | Note
-------+----------+-------------------------------------------
     0 | D:1      | shmup the Tengu Fire Elementalist began the quest for the
                  | Orb.
     0 | D:1      | Reached XP level 1. HP: 10/10 MP: 4/4
   299 | D:1      | Reached XP level 2. HP: 15/15 MP: 3/6
   510 | D:1      | Reached skill level 4 in Fire Magic
   629 | D:1      | Reached XP level 3. HP: 19/19 MP: 3/7
  1896 | D:2      | Found a runed translucent door.
  1897 | D:2      | Noticed Crazy Yiuf
  2094 | D:2      | Noticed Natasha
  2094 | D:2      | Noticed Robin
  2118 | D:2      | Reached XP level 4. HP: 19/24 MP: 8/8
  2133 | D:2      | Killed Robin
  2142 | D:1      | Killed Natasha
  2143 | D:1      | Reached skill level 5 in Fire Magic
  2170 | D:1      | Learned a level 2 spell: Scorch
  2510 | D:2      | Killed Crazy Yiuf
  2511 | D:2      | Gained mutation: Your magical nature lets you fly swiftly
                  | and evasively. [Tengu growth]
  2511 | D:2      | Reached XP level 5. HP: 28/28 MP: 4/9
  2988 | D:3      | Reached skill level 6 in Fire Magic
  3189 | D:3      | Reached XP level 6. HP: 6/32 MP: 0/10
  3485 | D:3      | Found a large runed translucent door.
  3517 | D:3      | Found a large runed translucent door.
  3523 | D:3      | Noticed Bronimir's ghost (amateur DjIE)
  3804 | D:3      | Reached skill level 5 in Fighting
  3804 | D:3      | Reached skill level 10 in Fire Magic
  3804 | D:3      | Reached XP level 7. HP: 44/44 MP: 11/11
  3809 | D:3      | Learned a level 3 spell: Inner Flame
  3813 | D:3      | Learned a level 3 spell: Volatile Blastmotes
  4091 | D:4      | Noticed Menkaure
  4094 | D:4      | Killed Menkaure
  4293 | D:4      | Noticed Grinder
  4309 | D:4      | Killed Grinder
  4310 | D:4      | Reached skill level 11 in Fire Magic
  4421 | D:4      | Noticed Blork the orc
  4429 | D:4      | Killed Blork the orc
  4430 | D:4      | Reached XP level 8. HP: 45/50 MP: 3/12
  4619 | D:4      | Noticed Edmund
  4786 | D:4      | Killed Edmund
  4787 | D:4      | Reached skill level 1 in Translocations
  5049 | D:4      | Found a glowing golden altar of the Shining One.
  5374 | D:5      | Entered Level 5 of the Dungeon
  5403 | D:5      | Reached skill level 1 in Hexes
  5723 | D:5      | Noticed Duvessa
  5725 | D:5      | Noticed Dowan
  5760 | D:5      | Killed Duvessa
  5850 | D:5      | Killed Dowan
  5993 | D:5      | Noticed Prince Ribbit
  6027 | D:5      | Killed Prince Ribbit
  6160 | D:5      | Reached XP level 9. HP: 46/54 MP: 3/13
  6686 | D:5      | Found a hazy altar of Hepliaklqana.
  7356 | D:5      | Reached skill level 12 in Fire Magic
  7622 | D:5      | Reached skill level 10 in Conjurations
  7682 | D:5      | Found a basalt altar of Yredelemnul.
  7687 | D:5      | Became a worshipper of Yredelemnul the Dark
  7903 | D:6      | Found an iron altar of Okawaru.
  8027 | D:6      | Found a staircase to the Ecumenical Temple.
  8084 | D:6      | Reached * piety under Yredelemnul
  8261 | D:6      | Found a runed translucent gate.
  8261 | D:6      | Noticed ZoeForever1's ghost (novice DrTm)
  8428 | D:6      | Found a runed translucent gate.
  8428 | D:6      | Found a runed translucent gate.
  8439 | D:6      | Learned a level 3 spell: Mephitic Cloud
  8509 | D:6      | Found a shimmering blue altar of Sif Muna.
  8889 | D:6      | Found a bloodstained altar of Trog.
  8914 | D:6      | Found a burning altar of Makhleb.
  9261 | D:7      | Noticed a hornet
  9272 | D:7      | Paralysed by a hornet for 2 turns
  9274 | D:7      | Mangled by a hornet

Illustrated notes

Levels and vault maps discovered:
D:1:      dpeg_arrival_three_smaller_balls, layout_basic, minmay_tromino_v4_a
D:2:      layout_loops_corners, uniq_natasha, uniq_crazy_yiuf_cottage,
          uniq_robin
D:3:      layout_loops_corners, ebering_ghost_disaster_area
D:4:      layout_basic, marbit_many_paths, minmay_misc_feat_columns,
          uniq_blork_the_orc, uniq_menkaure, uniq_grinder, uniq_edmund
D:5:      layout_loops_cross, lemuel_mausoleum_altar_yredelemnul,
          worldfamousw_hep_ancestral_shrine, uniq_prince_ribbit1, uniq_duvessa
D:6:      layout_basic, mainiacjoe_overflow_boulevard,
          mainiacjoe_overflow_two_lobes, lemuel_coloured_pillars_altar,
          minmay_temple_entry_statues_fountains, gammafunk_ghost_split
D:7:      layout_gridville, nicolae_qazlal_scattered_showers

Skill      XL: |  1  2  3  4  5  6  7  8  9 |
---------------+----------------------------+-----
Conjurations   | 2 3 4 8 9 10 | 10.2
Fire Magic     | 4 5 6 10 11 12 | 12.4
Fighting       | 5 |  5.4
Dodging        | 6 |  6.4
Translocations | 1 |  1.0
Hexes          | 1 |  1.0
Stealth        | |  2.0
Spellcasting   | |  2.0
Summonings     | |  0.6

Action                     |  1- 3 |  4- 6 |  7- 9 || total
---------------------------+-------+-------+-------++-------
  Melee: Unarmed           |     2 |       |       ||     2
         Short sword       |    11 |    26 |     7 ||    44
         Peck              |     2 |     5 |    23 ||    30
         Kick              |       |     3 |    26 ||    29
         Punch             |       |     1 |     3 ||     4
         Dagger            |       |       |    69 ||    69
   Cast: Foxfire           |    60 |    21 |    42 ||   123
         Scorch            |       |    19 |    89 ||   108
         Inner Flame       |       |       |    14 ||    14
         Volatile Blastmot |       |       |     2 ||     2
    Use: Scroll            |       |     5 |     4 ||     9
         Potion            |       |     1 |       ||     1
   Stab: Sleeping          |       |       |     2 ||     2
 Armour: Robe              |    12 |    13 |    19 ||    44
  Dodge: Dodged            |    21 |    23 |    93 ||   137
